 Dungeon Crawl Stone Soup version 0.28-a0-1159-g27aa881441 (webtiles) character file.

Game seed: 12532472914747686718

4555 Essalna the Conjurer (level 10, -5/76 HPs)
             Began as a Demonspawn Fire Elementalist on Dec 15, 2021.
             Was a Believer of Vehumet.
             Slain by an orc knight (11 damage)
             ... in a bailey.
             The game lasted 00:25:25 (11716 turns).

Essalna the Conjurer (DsFE)                        Turns: 11716, Time: 00:25:26

Health: -5/76      AC: 15    Str:  9    XL:     10   Next: 18%
Magic:  1/20       EV: 13    Int: 21    God:    Vehumet [**....]
Gold:   476        SH:  4    Dex: 13    Spells: 16/23 levels left

rFire   . . .      SeeInvis .   p - +3 whip (elec)
rCold   . . .      Faith    .   (no shield)
rNeg    . . .      Spirit   .   a - +0 robe
rPois   .          Reflect  .   w - +1 helmet
rElec   .          Harm     .   (no cloak)
rCorr   .          Rampage  .   (no gloves)
Will    .....                   (no boots)
Stlth   ++........              (no amulet)
HPRegen 0.22/turn               k - +4 ring of protection
MPRegen 0.17/turn               y - ring of wizardry

@: no status effects
A: thin metallic scales 2, icemail 1, powered by pain 1, condensation shield
a: Renounce Religion


You were in a bailey.
You worshipped Vehumet.
Vehumet was pleased with you.
You visited 2 branches of the dungeon, and saw 9 of its levels.
You also visited: Bailey.

You collected 476 gold pieces.

Inventory:

Hand Weapons
 p - a +3 whip of electrocution (weapon)
Armour
 a - a +0 robe (worn)
 w - a +1 helmet (worn)
Jewellery
 k - a +4 ring of protection (left hand)
 y - a ring of wizardry (right hand)
Scrolls
 e - a scroll of immolation
 g - 2 scrolls of teleportation
 j - a scroll of noise
 l - 2 scrolls of enchant armour
Potions
 b - 2 potions of cancellation {unknown}
 c - 3 potions of attraction {unknown}
 d - 2 potions of flight {unknown}
 h - a potion of lignification {unknown}
 i - 2 potions of heal wounds {unknown}
 n - 2 potions of degeneration {unknown}
 s - 2 potions of magic {unknown}
 t - 2 potions of might {unknown}
 u - 2 potions of brilliance {unknown}
 v - 2 potions of mutation {unknown}
 x - a potion of resistance
 A - a potion of curing
 C - a potion of haste {unknown}


   Skills:
 + Level 6.1 Fighting
 + Level 2.4 Armour
 + Level 3.1 Dodging
 - Level 1.7 Stealth
 + Level 7.1 Spellcasting
 + Level 7.4 Conjurations
 + Level 7.3 Fire Magic


You had 16 spell levels left.
You knew the following spells:

 Your Spells              Type           Power      Damage    Failure   Level
a - Foxfire               Conj/Fire      100%       2x1d9     1%          1
b - Scorch                Fire           76%        2d9       1%          2
c - Flame Wave            Conj/Fire      38%        2d7       1%          4

Your spell library contained the following spells:

 Spells                   Type           Power      Damage    Failure   Level
 Searing Ray              Conj           76%        2d7       1%          2
 Shock                    Conj/Air       92%        1d8       1%          1
 Conjure Flame            Conj/Fire      38%        6-21      1%          3
 Inner Flame              Hex/Fire       22%        N/A       2%          3
 Beastly Appendage        Tmut           14%        N/A       3%          1
 Freeze                   Ice            28%        1d5       3%          1
 Slow                     Hex            28%        N/A       3%          1
 Sublimation of Blood     Necr           7%         N/A       5%          2
 Wereblood                Tmut           7%         N/A       5%          2
 Hailstorm                Conj/Ice       23%        3d7       8%          4
 Confusing Touch          Hex            7%         N/A       11%         3
 Frozen Ramparts          Ice            14%        1d3       11%         3
 Spider Form              Tmut/Pois      7%         N/A       11%         3
 Swiftness                Air            7%         N/A       11%         3
 Vampiric Draining        Necr           7%         2d6       11%         3
 Airstrike                Air            3%         N/A       32%         4
 Summon Hydra             Summ           3%         N/A       100%        7


Dungeon Overview and Level Annotations

Branches:
Dungeon (8/15)             Temple (1/1) D:4          Bailey (1/1)
   Lair: D:8-11

Altars:
Ashenzari
Cheibriados
Dithmenos
Elyvilon
Fedhas
Gozag
Hepliaklqana
Kikubaaqudgha
Makhleb
Nemelex Xobeh
Okawaru
Qazlal
Ru
Sif Muna
Trog
Uskayaw
Vehumet
Wu Jian
Xom
Yredelemnul
Zin
The Shining One

Annotations:
D:7 2 transporters, ChaosChampion's ghost, novice OpTm


Innate Abilities, Weirdness & Mutations

You are mostly covered in thin metallic scales. (AC +3)
A meltable icy envelope protects you from harm. (AC +4)
You sometimes gain a little power by taking damage.
A meltable shield of frost defends you. (SH +4)


Message History

You kill the orc warrior!
Vehumet accepts your kill.
You feel your power returning. (Press . to intensify the flame waves.)
The orc knight hits you with a +0 war axe!
A wave of flame ripples out!
The flame wave engulfs the orc knight!
The orc knight is almost dead.
You hear a shout!
The orc knight hits you but does no damage.
A goblin and an orc come into view.
A wave of flame ripples out!
The flame wave engulfs the orc knight.
The orc knight is almost dead.
You finish channelling waves of flame.
The goblin shouts!
You hear a shout!
The goblin is engulfed in a cloud of scalding steam.
You kill the goblin!
Vehumet accepts your kill.
You feel your power returning.
The orc knight roars a battlecry!
The orc goes into a battle-frenzy!
Casting: Flame Wave (dangerous; 1% risk of failure)
Confirm with . or Enter, or press ? or * to list all spells.
Casting: Flame Wave (dangerous; 1% risk of failure)
Press: ? - help, Dir - look around, f - activate A wave of flame ripples out!
The flame wave engulfs the orc knight.
The orc knight is almost dead. (Press . to intensify the flame waves.)
The orc knight hits you with a +0 war axe!
* * * LOW HITPOINT WARNING * * *
A wave of flame ripples out!
The flame wave engulfs the orc knight but does no damage.
The orc knight is almost dead.
You hear a shout!
The orc knight hits you with a +0 war axe.
* * * LOW HITPOINT WARNING * * *
Without enough magic to sustain them, the waves of flame dissipate.
The kobold throws a boomerang.
The boomerang hits you but does no damage.
The orc knight hits you with a +0 war axe!
You die...

###
##8##
##.∩.##
#8^.^8#
##o@)##
##)##
§§§
#≈g≈#
K≈o§(
##§§≈##
(≈o≈§
#≈g≈#


You could see an orc knight, an orc (strong), a hobgoblin and a kobold.

Vanquished Creatures
  Pikel (D:6)
  An unseen horror (D:7)
  Sigmund (D:5)
  2 yaks (D:5)
  Eustachio (D:5)
  The ghost of ChaosChampion the Distorting Demonspawn, an amateur DsAK of Lugonu (D:4)
  Edmund (D:4)
  5 orc warriors
  2 sky beasts (D:7)
  2 ice beasts
  2 black bears (D:6)
  2 necrophages
  A hornet zombie (D:7)
  A centaur (D:6)
  An ogre (D:4)
  2 phantoms
  2 kobold brigands
  A wyvern zombie (D:7)
  2 scorpions (D:5)
  5 killer bees (D:7)
  2 howler monkeys (D:7)
  A bullfrog zombie (D:7)
  3 hounds
  3 jellies
  2 orc priests
  2 centaur skeletons
  3 orc wizards
  A scorpion zombie (D:5)
  3 iguanas
  A killer bee zombie (D:5)
  5 gnolls
  2 howler monkey skeletons
  7 adders
  A river rat (D:6)
  2 white imps (D:6)
  An adder skeleton (D:4)
  3 worms
  3 dart slugs
  20 orcs
  6 bats
  13 endoplasms
  11 giant cockroaches
  13 goblins
  12 hobgoblins
  A quokka (D:1)
  11 ball pythons
  5 frilled lizards
  28 kobolds
  5 rats
206 creatures vanquished.

Vanquished Creatures (collateral kills)
  12 foxfires (D:1)
12 creatures vanquished.

Vanquished Creatures (others)
  667 foxfires
  A plant (D:1)
668 creatures vanquished.

Grand Total: 886 creatures vanquished

Notes
Turn   | Place    | Note
-------+----------+-------------------------------------------
     0 | D:1      | Essalna the Demonspawn Fire Elementalist began the quest
                  | for the Orb.
     0 | D:1      | Reached XP level 1. HP: 13/13 MP: 3/3
   170 | D:1      | Gained mutation: A meltable shield of frost defends you.
                  | (SH +4) [demonic ancestry]
   170 | D:1      | Reached XP level 2. HP: 11/19 MP: 0/5
   910 | D:1      | Reached XP level 3. HP: 24/24 MP: 0/6
  1256 | D:1      | You fall into a shaft and drop 1 floor!
  2169 | D:2      | Reached XP level 4. HP: 22/30 MP: 2/8
  2865 | D:2      | Found a faded altar of an unknown god.
  3498 | D:3      | Gained mutation: You are partially covered in thin metallic
                  | scales. (AC +2) [demonic ancestry]
  3498 | D:3      | Reached XP level 5. HP: 28/35 MP: 9/9
  4188 | D:4      | Noticed an ogre
  4193 | D:4      | Killed an ogre
  4361 | D:4      | Gained mutation: You sometimes gain a little power by
                  | taking damage. [demonic ancestry]
  4361 | D:4      | Reached XP level 6. HP: 41/41 MP: 11/11
  4407 | D:4      | Noticed Edmund
  5045 | D:4      | Learned a level 2 spell: Scorch
  5080 | D:4      | Found a runed translucent gate.
  5081 | D:4      | Found a runed translucent gate.
  5081 | D:4      | Noticed ChaosChampion's ghost (amateur DsAK)
  5082 | D:4      | Found a runed translucent gate.
  5216 | D:4      | Found a staircase to the Ecumenical Temple.
  5229 | Temple   | Entered the Ecumenical Temple
  5344 | Temple   | Became a worshipper of Vehumet
  5526 | D:5      | Entered Level 5 of the Dungeon
  5799 | D:5      | Noticed Sigmund
  5806 | D:5      | Killed Sigmund
  5807 | D:5      | Reached skill level 1 in Fighting
  5807 | D:5      | Reached XP level 7. HP: 46/48 MP: 0/13
  5980 | D:5      | Found an iron altar of Okawaru.
  6107 | D:5      | Reached skill level 5 in Fire Magic
  6232 | D:5      | Noticed Eustachio
  6268 | D:5      | Killed Eustachio
  6363 | D:5      | Identified the +10 hunting sling of Mutilation {flame, rF+}
  6745 | D:5      | Learned a level 4 spell: Flame Wave
  6760 | D:6      | Noticed a yak
  6760 | D:6      | Noticed a yak
  6760 | D:6      | Noticed a yak
  6760 | D:6      | Noticed a yak
  6760 | D:6      | Noticed a yak
  6781 | D:5      | Killed a yak
  6782 | D:5      | Reached skill level 5 in Spellcasting
  6782 | D:5      | Reached skill level 5 in Conjurations
  6782 | D:5      | Gained mutation: You are mostly covered in thin metallic
                  | scales. (AC +3) [demonic ancestry]
  6782 | D:5      | Reached XP level 8. HP: 34/58 MP: 1/15
  6997 | D:6      | Reached * piety under Vehumet
  6997 | D:6      | Offered knowledge of Magic Dart by Vehumet.
  6998 | D:6      | Noticed Pikel
  7013 | D:6      | Killed Pikel
  7184 | D:6      | HP: 1/61 [something (3)]
  7503 | D:6      | Reached XP level 9. HP: 54/66 MP: 7/17
  7932 | D:7      | Reached skill level 5 in Fighting
  8655 | D:6      | Reached ** piety under Vehumet
  8655 | D:6      | Offered knowledge of Sandblast by Vehumet.
  9543 | D:4      | Killed Edmund
  9606 | D:4      | Killed ChaosChampion's ghost
  9607 | D:4      | Reached skill level 1 in Armour
 10374 | D:7      | Found a transporter.
 10378 | D:7      | Noticed ChaosChampion's ghost (novice OpTm)
 10385 | D:7      | Noticed a moth of wrath
 10413 | D:7      | Found a transporter.
 10694 | D:7      | Killed an unseen horror
 10695 | D:7      | Gained mutation: A meltable icy envelope protects you from
                  | harm. (AC +4) [demonic ancestry]
 10695 | D:7      | Reached XP level 10. HP: 46/76 MP: 14/20
 11657 | D:8      | Found a flagged portal.
 11672 | Bailey   | Entered a bailey
 11682 | Bailey   | Offered knowledge of Searing Ray by Vehumet.
 11696 | Bailey   | Noticed an orc knight
 11716 | Bailey   | Slain by an orc knight

Illustrated notes

Levels and vault maps discovered:
D:1:      saegor_arrival_simple_e, layout_loops_ring, serial_forest,
          infiniplex_forest_lined_corner, infiniplex_forest_clump_double,
          infiniplex_forest_clump_cross, infiniplex_forest_zigzag_1,
          infiniplex_forest_clump_C, infiniplex_forest_straight_1,
          infiniplex_forest_clump_double, serial_bayou_pond_e,
          minmay_stone_trees_large, minmay_unequal
D:2:      layout_loops_ring, dreamdust_ecumenical_altar_angels_and_demons
D:3:      layout_basic
D:4:      layout_basic, minmay_temple_entry_proselytizer,
          gammafunk_ghost_nasty_kobolds, uniq_edmund
D:5:      layout_basic, okawaru_trees_2, serial_curves, eino_curves_04,
          eino_curves_04, dk_noncrumbling_4, eino_small_chamber_without_monster,
          st_stairs_6, uniq_sigmund, uniq_eustachio
D:6:      layout_basic, portal_sewer_entry_c, minmay_joined_circles, uniq_pikel
D:7:      layout_basic, gammafunk_ghost_berserking_beasts
D:8:      layout_layer_cave, enter_bailey_6, special_room [special_room_orc]
Temple:   kilobyte_greek_temple
Bailey:   bailey_axe_1, bailey

Skill      XL: |  1  2  3  4  5  6  7  8  9 10 |
---------------+-------------------------------+-----
Fire Magic     | 3 4 5 6 7 |  7.3
Conjurations   | 2 3 4 5 6 7 |  7.4
Spellcasting   | 3 4 5 7 |  7.1
Fighting       | 1 3 4 6 |  6.1
Dodging        | 2 3 |  3.1
Armour         | 2 |  2.4
Stealth        | |  1.7

Action                   |  1- 3 |  4- 6 |  7- 9 | 10-12 || total
-------------------------+-------+-------+-------+-------++-------
Melee: Unarmed           |     2 |       |       |       ||     2
       Short sword       |    10 |       |       |       ||    10
       Dagger            |       |    26 |       |       ||    26
       Whip              |       |    45 |    52 |     8 ||   105
 Cast: Foxfire           |    93 |   148 |   152 |    28 ||   421
       Scorch            |       |     6 |    61 |     3 ||    70
       Flame Wave        |       |       |    12 |     4 ||    16
  Use: Scroll            |       |       |    12 |       ||    12
       Potion            |       |       |     2 |       ||     2
 Stab: Sleeping          |       |     2 |     3 |       ||     5
       Distracted        |       |     1 |       |       ||     1
Armor: Robe              |     6 |    43 |    72 |     8 ||   129
Dodge: Dodged            |    18 |    48 |    76 |     7 ||   149
Block: Other             |     6 |    14 |    16 |     5 ||    41

Table legend: (Time is in decaauts)
 A = Elapsed time spent in this place.
 B = Non-inter-level travel time spent in this place.
 C = Inter-level travel time spent in this place.
 D = Time resting spent in this place.
 E = Time spent auto-exploring this place.
 F = Levels seen in this place.
 G = Mean time per level.
                   A        B        C        D        E       F      G
               +--------+--------+--------+--------+--------+-----+--------+
         Total |  11723 |  10789 |    934 |     50 |   9195 |  10 | 1172.3 |
       Dungeon |  11528 |  10629 |    899 |     50 |   9090 |   8 | 1441.0 |
        Temple |    151 |    116 |     35 |      0 |    103 |   1 |  151.0 |
        Bailey |     44 |     44 |      0 |      0 |      2 |   1 |   44.0 |
               +--------+--------+--------+--------+--------+-----+--------+

Top non-repeatable levels by time:
     D:7: 2260 daAuts
     D:5: 1814 daAuts
     D:1: 1773 daAuts
     D:6: 1738 daAuts
     D:3: 1407 daAuts
     D:2: 1245 daAuts
     D:4: 1185 daAuts
  Temple: 151 daAuts
     D:8: 102 daAuts
  Bailey: 44 daAuts
